Map: Dusk Towers

Players

Rockfire

  • Race: Terran Terran

A.I. 1 (Very Easy) - Winner!

  • Race: Zerg Zerg

VOD

Have the link to the VOD?

Description

Time

  • Played on: Nov. 10, 2015, 7:36 a.m.
  • Length: 9:18
Show
View Real Time Build Order
Export as new Build Order

Rockfire Terran 

Build Orders:  

Get SALT Encoding   

  12  0:00  SCV  
  13  0:12  SCV  
  14  0:18  Supply Depot  
  14  0:24  SCV  
  15  0:39  SCV  
  15  0:41  Barracks  
  16  0:51  SCV  
  17  1:03  SCV  
  18  1:15  SCV  
  19  1:19  Command Center  
  19  1:30  Orbital Command  
  19  1:35  Marine  
  19  1:39  Supply Depot  
  20  1:52  Barracks  
  20  1:56  SCV  
  20  2:00  Marine  
  22  2:08  SCV  
  22  2:10  Barracks  
  23  2:18  Marine  
  23  2:20  SCV  
  23  2:22  Bunker  
  25  2:31  Orbital Command  
  25  2:32  SCV  
  25  2:36  Marine  
  27  2:39  Marine  
  28  2:45  SCV  
  28  2:47  Barracks  
  29  2:54  Marine  
  29  2:56  Barracks  
  29  2:57  SCV  
  32  2:58  SCV  
  32  3:06  Marine x2  
  32  3:09  SCV  
  32  3:10  SCV  
  36  3:15  Barracks  
  36  3:21  SCV, Supply Depot  
  36  3:22  SCV  
  36  3:24  Marine  
  36  3:25  Marine  
  40  3:28  Marine  
  40  3:33  SCV  
  42  3:34  SCV  
  42  3:35  Marine  
  44  3:42  Marine  
  44  3:43  Supply Depot  
  44  3:45  SCV  
  44  3:46  Marine  
  44  3:47  SCV  
  44  3:48  Supply Depot  
  48  3:49  Marine  
  49  3:57  SCV  
  49  3:59  SCV  
  51  4:05  Marine x4  
  51  4:06  Bunker, Marine  
  51  4:07  Supply Depot  
  51  4:08  Marine  
  51  4:09  SCV  
  58  4:11  SCV  
  58  4:14  Supply Depot  
  59  4:21  SCV  
  59  4:23  SCV  
  61  4:30  Supply Depot  
  61  4:32  Marine x5  
  61  4:33  SCV, Marine  
  61  4:35  SCV  
  61  4:36  Barracks  
  69  4:38  Supply Depot  
  69  4:46  SCV  
  69  4:47  SCV  
  71  4:53  Command Center  
  71  4:55  Supply Depot  
  71  4:58  SCV  
  71  4:59  SCV  
  73  5:00  Marine x2  
  73  5:01  Marine  
  73  5:06  Supply Depot  
  76  5:10  SCV, Marine x2  
  76  5:11  SCV  
  80  5:15  Barracks  
  80  5:19  Supply Depot  
  80  5:22  SCV, Barracks, Marine  
  80  5:23  SCV  
  80  5:24  Marine x2  
  85  5:33  Barracks  
  85  5:34  SCV, Marine x2  
  85  5:35  SCV, Marine  
  89  5:39  Marine  
  91  5:43  Marine x3  
  91  5:46  SCV  
  91  5:48  SCV, Supply Depot  
  96  5:51  Supply Depot, Marine  
  97  5:57  Marine  
  97  5:58  SCV, Marine x2  
  97  6:00  SCV  
  97  6:01  Marine x3  
  105  6:07  Barracks  
  105  6:09  Barracks, Orbital Command  
  105  6:10  SCV  
  106  6:15  Marine  
  106  6:16  Marine  
  106  6:17  Marine  
  106  6:18  Marine  
  110  6:19  Marine  
  110  6:20  Marine  
  110  6:22  SCV  
  110  6:24  SCV, Marine x2  
  117  6:33  Marine  
  117  6:34  Marine  
  117  6:35  SCV  
  117  6:36  SCV x2  
  117  6:37  Command Center  
  122  6:45  Marine x6  
  122  6:46  Marine  
  122  6:47  SCV  
  129  6:48  SCV x2  
  129  6:50  Marine  
  129  6:52  Marine  
  133  6:55  Bunker  
  133  6:59  SCV  
  133  7:00  SCV x2  
  136  7:02  Marine x3  
  136  7:03  Marine x3  
  136  7:04  Marine  
  136  7:07  Barracks  
  143  7:08  Marine  
  143  7:10  Barracks, Marine  
  143  7:11  SCV, Barracks  
  143  7:12  SCV x2  
  143  7:14  Supply Depot  
  143  7:15  Supply Depot  
  148  7:20  Marine x3  
  151  7:23  SCV  
  151  7:24  SCV x2  
  151  7:27  Marine x3  
  157  7:35  Marine x3  
  160  7:38  Supply Depot, Marine  
  160  7:40  Marine x2  
  160  7:41  Supply Depot  
  163  7:45  Marine x3  
  166  7:53  Marine x3  
  166  7:55  Orbital Command  
  166  7:56  Marine x2  
  166  7:57  Marine  
  166  7:58  Marine x2  
  172  7:59  Barracks  
  172  8:02  Supply Depot, Marine  
  172  8:03  Marine x3  
  172  8:04  Supply Depot  
  178  8:10  Marine x3  
  181  8:14  Marine x2  
  181  8:15  Marine  
  181  8:16  Marine x2  
  181  8:18  Barracks  
  181  8:19  Barracks, Marine  
  186  8:20  Marine  
  186  8:21  Barracks, Marine x2  
  186  8:22  Barracks  
  186  8:25  Barracks  
  190  8:28  Marine x3  
  190  8:31  Marine x2  
  190  8:33  Marine  
  190  8:34  Marine x2  
  197  8:37  Marine  
  197  8:38  Marine  
  200  8:41  Barracks  
  200  8:42  Barracks  
  200  8:43  Barracks  
  200  9:11  Command Center  
Show
View Real Time Build Order
Export as new Build Order

A.I. 1 (Very Easy) Zerg - Winner!

Build Orders: Hatch First 

Get SALT Encoding   

  12  0:01  Drone  
  13  0:12  Overlord  
  13  0:17  Drone  
  14  0:42  Hatchery  
  13  0:45  Drone  
  14  1:04  Spawning Pool  
  13  1:05  Extractor  
  13  1:07  Drone  
  13  1:14  Drone  
  14  1:20  Overlord  
  14  1:51  Queen  
  14  1:52  Zergling x2  
  14  1:53  Zergling x2  
  18  1:57  Roach Warren  
  17  2:02  Drone  
  17  2:07  Extractor  
  17  2:11  Drone  
  17  2:15  Zergling x2  
  19  2:20  Drone  
  20  2:27  Drone  
  21  2:34  Drone  
  22  2:41  Drone  
  23  2:48  Drone  
  24  2:55  Drone  
  25  3:02  Roach  
  25  3:03  Drone  
  28  3:08  Overlord  
  28  3:11  Drone  
  29  3:18  Drone  
  30  3:25  Lair  
  30  3:26  Drone  
  30  3:38  Drone  
  31  3:45  Drone  
  32  3:49  Roach  
  32  3:52  Drone  
  35  3:59  Drone  
  35  4:01  Overlord  
  36  4:06  Drone  
  37  4:13  Drone  
  38  4:21  Drone  
  38  4:22  Overseer x2  
  39  4:28  Drone  
  40  4:35  Drone  
  40  4:36  Ravager  
  40  4:37  Roach  
  44  4:39  Extractor  
  44  4:42  Drone  
  44  4:49  Drone, Extractor  
  44  4:57  Drone  
  44  4:58  Overlord  
  45  5:04  Drone  
  46  5:11  Drone  
  47  5:18  Drone  
  48  5:25  Drone  
  49  5:33  Drone  
  50  5:40  Drone  
  51  6:51  Overseer  
  51  6:52  Overlord  
Tags
 
Add a new tag
Caveats
  • Supply blocks, unpowered buildings, or Contaminate may cause inaccurate times.
  • Supply counts are checked every 10 seconds.